 Dungeon Crawl Stone Soup version 0.19.1 (webtiles) character file.

4140 Kook the Firebug (level 10, -1/77 HPs)
             Began as a Demonspawn Fire Elementalist on Dec 13, 2016.
             Slain by an orc warrior
             ... wielding a +0 halberd
              (14 damage)
             ... on level 7 of the Dungeon.
             The game lasted 00:43:40 (8150 turns).

Kook the Firebug (Demonspawn Fire Elementalist)     Turns: 8150, Time: 00:43:40

Health: -1/77      AC:  6    Str: 17    XL:     10   Next: 7%
Magic:  15/19      EV: 15    Int: 19    God:
Gold:   66         SH:  0    Dex: 13    Spells: 4 memorised, 12 levels left

rFire  . . .     SeeInvis .     m - +3 scythe (freeze)
rCold  . . .     Gourm    .     f - +0 leather armour
rNeg   . . .     Faith    .     (shield currently unavailable)
rPois  .         Spirit   .     (helmet restricted)
rElec  .         Reflect  .     t - +0 cloak
rCorr  .         Harm     .     (no gloves)
MR     .....                    C - +1 pair of boots
Stlth  ++........               (no amulet)
                                i - +2 ring of strength
                                u - +3 ring of evasion

@: mighty, very slightly contaminated
A: antennae 2, powered by death 2, powered by pain 2
a: no special abilities


You were on level 7 of the Dungeon.
You were hungry.

You visited 1 branch of the dungeon, and saw 8 of its levels.

You collected 304 gold pieces.
You spent 238 gold pieces at shops.

Inventory:

Hand Weapons
 g - a +3 dagger
 m - a +3 scythe of freezing (weapon)
 n - a +1 spear of venom
 q - a +1 spear of venom
 v - a +0 trident of flaming
Missiles
 E - 6 steel javelins (quivered)
Armour
 f - a +0 leather armour (worn)
 t - a +0 cloak (worn)
 C - a +1 pair of boots (worn)
Jewellery
 e - an uncursed ring of see invisible
 h - an uncursed ring of wizardry {unknown}
 i - a +2 ring of strength (right hand)
 k - an uncursed amulet of faith
 u - a +3 ring of evasion (left hand)
 x - an uncursed ring of poison resistance {unknown}
 A - an uncursed ring of stealth {unknown}
 H - an uncursed ring of protection from cold {unknown}
 L - an uncursed ring of wizardry {unknown}
Wands
 F - a wand of random effects (27/48)
 M - a wand of paralysis (12/24)
Scrolls
 d - a scroll of enchant armour {unknown}
 j - 6 scrolls of identify
 p - 3 scrolls of remove curse
 s - a scroll of noise {unknown}
 y - a scroll of blinking {unknown}
 B - a scroll of recharging
 G - a scroll of fear
 O - a scroll of amnesia
Potions
 l - a potion of berserk rage
 o - a potion of haste
 z - a potion of cancellation
 D - 7 potions of curing
 J - a potion of mutation {unknown}
 K - a potion of magic {unknown}
Books
 b - a book of Flames

   Spells                             Type                      Level
   a - Flame Tongue                   Conjuration/Fire             1
   b - Throw Flame                    Conjuration/Fire             2
   c - Conjure Flame                  Conjuration/Fire             3
   d - Inner Flame                    Hexes/Fire                   3
   e - Sticky Flame                   Conjuration/Fire             4
   f - Fireball                       Conjuration/Fire             5
Comestibles
 c - 7 bread rations
 r - 5 meat rations
 w - 2 beef jerkies
 N - 7 slices of pizza


   Skills:
 * Level 6.7 Fighting
 + Level 3.8 Polearms
 - Level 1.0 Armour
 - Level 2.0 Dodging
 - Level 2.0 Stealth
 * Level 6.5 Spellcasting
 * Level 6.7 Conjurations
 * Level 7.0 Fire Magic


You had 12 spell levels left.
You knew the following spells:

 Your Spells              Type           Power        Failure   Level  Hunger
a - Flame Tongue          Conj/Fire      ####.        1%          1    None
b - Throw Flame           Conj/Fire      ####..       1%          2    None
c - Conjure Flame         Conj/Fire      ####....     1%          3    ##.....
d - Sticky Flame          Conj/Fire      ####....     10%         4    ####...


Dungeon Overview and Level Annotations

Branches:
Dungeon (8/15)             Temple (0/1) D:5            Lair (0/6) D:8

Altars:
Cheibriados
Elyvilon
Makhleb
Nemelex Xobeh
Ru
Trog
Xom
The Shining One

Shops:
D:4 ?   D:6 }:=!

Annotations:
D:3 Grinder


Innate Abilities, Weirdness & Mutations

You have a pair of antennae on your head.
You regenerate health from kills.
You sometimes gain power by taking damage.


Message History

The orc warrior misses you. The giant cockroach misses you.
The orc warrior hits you from afar with a halberd!
You focus on the pain.
You feel very mighty all of a sudden.
You slash the giant cockroach! You freeze the giant cockroach.
You kill the giant cockroach!
The orc warrior hits you from afar with a halberd!!
* * * LOW HITPOINT WARNING * * *
You focus on the pain.
You feel your power returning. The orc warrior misses you.
Casting: Conjure Flame
Confirm with . or Enter, or press ? or * to list all spells.
Aiming: Sticky Flame
Press: ? - help, Shift-Dir - straight line, f - orc warrior
Aim: an orc warrior, wielding a halberd and wearing a chain mail (heavily wounded)
You miscast Sticky Flame.
You are very lightly contaminated with residual magic.
You are momentarily dazzled by a flash of light!
The orc warrior hits you with a halberd!
You die...

##......# #.##......#
#......# #.##......#
######## #.##......# #8##
8## #####.##......# #8...8
..8##.............# #.....
...######.#..###### _.....
..>#.###.#..# #.....
..##..#.....# #8...8
#....@...# #8## ##...o...#
#########..#.#..#
#......##..#.#.[########
#####......................#
.#.....................###.#
.#....####..##.#.#.....# #.#
......# #.............# #.#
.#....# #..##.........# #.#


You could see an orc warrior.

Vanquished Creatures
  A death yak (D:7)
  The ghost of theRoog the Spear-Bearer, a novice MiBe of Trog (D:6)
  Prince Ribbit (D:5)
  Sigmund (D:2)
  The ghost of HeyBub the Covered, an amateur MiFi (D:4)
  4 hogs (D:7)
  A human (D:7)
  An ice beast (D:5)
  A sky beast (D:6)
  A phantom (D:4)
  An orc warrior (D:7)
  3 ogres
  A centaur (D:5)
  A bullfrog (D:7)
  A scorpion (D:6)
  3 crimson imps
  A quasit (D:7)
  3 orc priests
  2 hounds
  6 orc wizards
  2 centaur skeletons
  Crazy Yiuf (D:3)
  2 jellies
  5 worker ants
  2 hound skeletons
  Robin (D:3)
  6 gnolls
  9 adders
  An ooze (D:4)
  3 adder zombies
  5 worms
  2 dart slugs
  4 leopard geckos
  27 orcs
  7 giant cockroaches
  14 goblins
  11 hobgoblins
  16 jackals
  5 kobolds
  2 quokkas
  2 ball pythons
  12 bats
  3 frilled lizards
  A jackal skeleton (D:4)
  A quokka zombie (D:5)
  7 rats
186 creatures vanquished.

Vanquished Creatures (others)
  A quokka (D:6)
1 creature vanquished.

Grand Total: 187 creatures vanquished

Notes
Turn   | Place    | Note
-------+----------+-------------------------------------------
     0 | D:1      | Kook the Demonspawn Fire Elementalist began the quest for the Orb.
     0 | D:1      | Reached XP level 1. HP: 13/13 MP: 3/3
   342 | D:1      | Reached skill level 3 in Fire Magic
   393 | D:1      | Gained mutation: You regenerate a little health from kills. [demonic ancestry]
   393 | D:1      | Reached XP level 2. HP: 19/19 MP: 1/5
   965 | D:2      | Found a faded altar of an unknown god.
  1149 | D:2      | Gained mutation: You sometimes gain a little power by taking damage. [demonic ancestry]
  1149 | D:2      | Reached XP level 3. HP: 21/24 MP: 2/6
  1490 | D:2      | Noticed Sigmund
  1790 | D:2      | Learned a level 2 spell: Throw Flame
  1794 | D:2      | Learned a level 3 spell: Conjure Flame
  2018 | D:3      | Found a runed door.
  2022 | D:3      | Noticed Crazy Yiuf
  2030 | D:3      | Killed Crazy Yiuf
  2030 | D:3      | Reached skill level 1 in Armour
  2030 | D:3      | Reached XP level 4. HP: 30/30 MP: 2/8
  2377 | D:3      | Found a glowing golden altar of the Shining One.
  2433 | D:3      | Reached skill level 1 in Fighting
  2476 | D:3      | Noticed Robin
  2488 | D:3      | Killed Robin
  2695 | D:3      | Reached skill level 1 in Polearms
  2695 | D:3      | Gained mutation: You sometimes gain power by taking damage. [demonic ancestry]
  2695 | D:3      | Reached XP level 5. HP: 34/37 MP: 3/9
  2769 | D:3      | Noticed Grinder
  2769 | D:3      | Paralysed by Grinder for 2 turns
  2794 | D:3      | Paralysed by Grinder for 3 turns
  3070 | D:2      | Killed Sigmund
  3070 | D:2      | Gained mutation: You regenerate health from kills. [demonic ancestry]
  3070 | D:2      | Reached XP level 6. HP: 19/45 MP: 9/11
  3706 | D:4      | Found a sacrificial altar of Ru.
  3719 | D:4      | Reached skill level 4 in Fire Magic
  3931 | D:4      | Gained mutation: You have a pair of small antennae on your head. [demonic ancestry]
  3931 | D:4      | Reached XP level 7. HP: 45/51 MP: 6/12
  3963 | D:4      | Found a snail-covered altar of Cheibriados.
  3992 | D:4      | Found Loyvog's Magic Scroll Shoppe.
  4000 | D:4      | Bought a scroll of identify for 28 gold pieces
  4156 | D:4      | Noticed HeyBub's ghost (amateur MiFi)
  4339 | D:4      | Killed HeyBub's ghost
  4658 | D:5      | Entered Level 5 of the Dungeon
  4895 | D:5      | Gained mutation: You have a pair of antennae on your head. [demonic ancestry]
  4895 | D:5      | Reached XP level 8. HP: 59/60 MP: 7/14
  4911 | D:5      | Learned a level 4 spell: Sticky Flame
  4998 | D:5      | Noticed Prince Ribbit
  5009 | D:5      | Reached skill level 5 in Fire Magic
  5267 | D:5      | Found a staircase to the Ecumenical Temple.
  5300 | D:5      | Found a bloodstained altar of Trog.
  5578 | D:5      | Killed Prince Ribbit
  5578 | D:5      | Reached skill level 5 in Conjurations
  5766 | D:5      | Reached skill level 5 in Spellcasting
  5919 | D:6      | Found Xithrynlu's Gadget Shoppe.
  5938 | D:6      | Reached skill level 5 in Fighting
  6181 | D:6      | Found a sparkling altar of Nemelex Xobeh.
  6360 | D:6      | Found Sur Inn's Book Shop.
  6390 | D:6      | Reached XP level 9. HP: 52/68 MP: 16/16
  6554 | D:6      | Found a shimmering altar of Xom.
  6567 | D:6      | Found Kahul's Jewellery Shop.
  6647 | D:6      | Noticed theRoog's ghost (novice MiBe)
  6664 | D:6      | Killed theRoog's ghost
  6664 | D:6      | Reached skill level 6 in Fire Magic
  6720 | D:6      | Found Zaemiod's Distillery.
  6725 | D:6      | Bought 2 potions of curing for 84 gold pieces
  6725 | D:6      | Bought a potion of heal wounds for 70 gold pieces
  6725 | D:6      | Bought a potion of curing for 42 gold pieces
  6725 | D:6      | Bought a potion of degeneration for 14 gold pieces
  6746 | D:6      | Found a white marble altar of Elyvilon.
  6870 | D:7      | Found a burning altar of Makhleb.
  7836 | D:8      | Found a staircase to the Lair.
  7837 | D:8      | Noticed a death yak
  7920 | D:7      | Killed a death yak
  7920 | D:7      | Reached skill level 7 in Fire Magic
  7920 | D:7      | Reached XP level 10. HP: 33/77 MP: 1/19
  8150 | D:7      | Slain by an orc warrior

Skill      XL: |  1  2  3  4  5  6  7  8  9 |
---------------+----------------------------+-----
Fire Magic     | 3 4 5 7 |  7.0
Dodging        | 2 |  2.0
Armour         | 1 |  1.0
Stealth        | 2 |  2.0
Conjurations   | 2 3 4 5 6 |  6.7
Fighting       | 1 2 3 5 6 |  6.7
Polearms       | 1 2 3 |  3.8
Spellcasting   | 3 4 5 6 |  6.5

Action                   |  1- 3 |  4- 6 |  7- 9 | 10-12 || total
-------------------------+-------+-------+-------+-------++-------
Melee: Dagger            |    13 |       |       |       ||    13
       Unarmed           |     1 |       |       |       ||     1
       Spear             |    13 |    44 |    72 |       ||   129
       Trident           |       |   134 |   223 |       ||   357
       Scythe            |       |       |    46 |     4 ||    50
 Cast: Flame Tongue      |    61 |    59 |    69 |       ||   189
       Conjure Flame     |     1 |     4 |    14 |       ||    19
       Throw Flame       |       |     2 |     1 |       ||     3
       Sticky Flame      |       |       |    12 |     2 ||    14
  Use: Scroll            |       |       |    13 |       ||    13
       Potion            |       |       |     1 |       ||     1
 Stab: Sleeping          |     1 |     1 |     5 |       ||     7
       Distracted        |     1 |       |       |       ||     1
  Eat: Chunk             |     4 |     7 |    11 |     1 ||    23
       Bread ration      |       |       |     1 |       ||     1
Armor: Leather armour    |    18 |    48 |    76 |     5 ||   147
Dodge: Dodged            |    32 |   152 |   255 |    21 ||   460
